 Dungeon Crawl Stone Soup version 0.28.0-45-g0d030f2227 (webtiles) character file.

Game seed: 14305521021645825990

81 Faeu the Shield-Bearer (level 4, -7/40 HPs)
             Began as a Minotaur Fighter on Apr 4, 2022.
             Mangled by Sigmund
             ... wielding a +0 scythe
              (12 damage)
             ... on level 2 of the Dungeon.
             The game lasted 00:03:26 (713 turns).

Faeu the Shield-Bearer (Minotaur Fighter)            Turns: 713, Time: 00:03:26

Health: -7/40      AC:  7    Str: 23    XL:     4   Next: 20%
Magic:  3/3        EV: 10    Int:  5    God:
Gold:   26         SH:  4    Dex:  9    Spells: 3/3 levels left

rFire   . . .      SeeInvis .   a - +0 war axe {axe}
rCold   . . .      Faith    .   c - +0 buckler
rNeg    . . .      Spirit   .   b - +0 scale mail
rPois   .          Reflect  .   (helmet restricted)
rElec   .          Harm     .   (no cloak)
rCorr   +          Rampage  .   (no gloves)
Will    .....                   (no boots)
Stlth   ..........              (no amulet)
HPRegen 0.13/turn               h - ring of resist corrosion
MPRegen 0.08/turn               (no ring)

@: no status effects
A: horns 2, retaliatory headbutt
a: no special abilities


You were on level 2 of the Dungeon.
You visited 1 branch of the dungeon, and saw 2 of its levels.

You collected 26 gold pieces.


Innate Abilities, Weirdness & Mutations

You have a pair of horns on your head.
You reflexively headbutt those who attack you in melee.


   Skills:
 + Level 4.0 Fighting
 + Level 3.0 Axes
 + Level 1.1 Throwing
 + Level 4.1 Armour
 + Level 1.6 Dodging
 + Level 4.2 Shields


You had 3 spell levels left.
You didn't know any spells.
Your spell library contained the following spells:

 Spells                   Type           Power      Damage    Failure   Level
 Blink                    Tloc           0%         N/A       95%         2
 Lesser Beckoning         Tloc           0%         N/A       99%         3
 Manifold Assault         Tloc           0%         N/A       100%        5

Inventory:

Hand Weapons
 a - a +0 war axe (weapon) {axe}
Armour
 b - a +0 scale mail (worn)
 c - a +0 buckler (worn)
Jewellery
 h - a ring of resist corrosion (left hand)
   (You found it on level 1 of the Dungeon)
Scrolls
 e - a scroll of blinking {unknown}
 f - a scroll of identify {unknown}
 g - a scroll of fear {unknown}
Potions
 d - 2 potions of might

Dungeon Overview and Level Annotations

Branches:
Dungeon (2/15)

Altars:

Annotations:
D:2 Sigmund

.# .# .#
.# . .#
.. ..
##.##....
...
#...g....
.. #@# ##
#.##g# ..
#...<#
#.####.#
#.{))..#
#..#####
#.. ....
.....


You could see a hobgoblin and a goblin.


Message History

😕 HP[-3]
You take 3 damage, and now have 30/33 hp.
You closely miss the goblin. Your headbutt misses the goblin. You slash Robin!
You hit the hobgoblin.
You kill the hobgoblin!
The goblin hits you but does no damage.
A hobgoblin comes into view.
Robin hits you with a +0 short sword.
Your Axes skill increases to level 3! 😕 HP[-1]
You take 1 damage, and now have 29/33 hp.
You slash the goblin!
You kill the goblin!
You slash Robin!
You kill Robin!
The hobgoblin hits you.
You have reached level 4!
You feel stronger. 😮 HP[+1] MP[+1]
You now have 40 max hp (+7).
Your mp is fully restored (3).
Items here: ))) ††.
You hit the hobgoblin.
You kill the hobgoblin!
A goblin comes into view. It is wielding a +0 dagger.
You block the hobgoblin's attack.
You barely miss the hobgoblin. The hobgoblin misses you.
You completely miss the hobgoblin. The hobgoblin hits you.
The hobgoblin barely misses you. 😮 HP[-3]
You take 3 damage, and now have 27/40 hp.
You closely miss the hobgoblin.
The hobgoblin barely misses you. 😮 HP[+1]
You slash the hobgoblin!
You kill the hobgoblin!
You closely miss the goblin. The goblin hits you with a +0 club.
The goblin hits you but does no damage. 😮 HP[-2]
You take 2 damage, and now have 26/40 hp.
You closely miss the goblin. Your headbutt misses the goblin.
You block the goblin's attack.
You hit the goblin. Your headbutt misses the goblin.
The goblin hits you but does no damage.
Sigmund the Dreaded comes into view.
He is wielding a +0 scythe.
You closely miss the goblin.
Sigmund shouts!
You headbutt the goblin.
You kill the goblin!
Sigmund mumbles some strange words.
Sigmund flickers and vanishes!
Deactivating autopickup; reactivate with Ctrl-A.
You closely miss the goblin. The goblin barely misses you.
You furiously retaliate!
You headbutt the goblin!
You kill the goblin!
A hobgoblin comes into view. 😮 HP[+1]
The hobgoblin shouts!
You hit the hobgoblin.
You hear an angry hiss.
The hobgoblin completely misses you. You block the hobgoblin's attack.
You slash the hobgoblin!
You kill the hobgoblin!
Something hits you but does no damage. Something hits you!
* * * LOW HITPOINT WARNING * * *
Items here: ))) [ ††††. 😨 HP[-11]
You take 11 damage, and now have 16/40 hp.
MASSIVE DAMAGE!! (PAUSE)
Something hits you.
* * * LOW HITPOINT WARNING * * *
Items here: ))) ††. 😨 HP[-2]
You take 2 damage, and now have 14/40 hp.
A ball python comes into view.
The ball python hisses angrily. 😨 HP[+1]
You block the ball python's attack. The ball python barely misses you.
There is a stone staircase leading up here.
You block the ball python's attack. The ball python grabs you.
The ball python constricts you.
You escape the ball python's grasp.
The ball python bites you but does no damage.
The ball python grabs you. The ball python constricts you.
* * * LOW HITPOINT WARNING * * *
You block the hobgoblin's attack. Something hits you!
* * * LOW HITPOINT WARNING * * *
There is a stone staircase leading up here. 😱 HP[-11]
You take 11 damage, and now have 4/40 hp.
MASSIVE DAMAGE!! (PAUSE)
You escape the ball python's grasp.
The ball python completely misses you. You furiously retaliate!
You headbutt the ball python!
You kill the ball python!
A goblin comes into view. It is wielding a +0 dagger.
The goblin shouts!
You barely miss the hobgoblin. You block the hobgoblin's attack.
You hit the hobgoblin. Something hits you!
You die...

Skill      XL: |  1  2  3 |
---------------+----------+-----
Dodging        | 1 |  1.6
Shields        | 4 |  4.2
Fighting       | 4 |  4.0
Throwing       | 1 |  1.1
Armour         | 4 |  4.1
Axes           | 3 |  3.0

Action                   |  1- 3 |  4- 6 || total
-------------------------+-------+-------++-------
Melee: War axe           |    34 |    14 ||    48
       Headbutt          |     3 |     1 ||     4
Armor: Scale mail        |    24 |     4 ||    28
Dodge: Dodged            |     9 |     7 ||    16
Block: Buckler           |     6 |     7 ||    13

Levels and vault maps discovered:
D:1:      grunt_arrival_lava_bath, layout_rooms
D:2:      layout_basic, dilly_ecumenical_altar_fadedgnrine, serial_shops,
          nicolae_shop_stone, basic_altar, st_stairs_6, uniq_terence,
          uniq_sigmund, uniq_jessica, uniq_robin

Notes
Turn   | Place    | Note
-------+----------+-------------------------------------------
     0 | D:1      | Faeu the Minotaur Fighter began the quest for the Orb.
     0 | D:1      | Reached XP level 1. HP: 19/19 MP: 0/0
     0 | D:1      | magus.rc [v1.9.6]
    27 | D:1      | Reached XP level 2. HP: 12/27 MP: 1/1
   394 | D:1      | Reached skill level 1 in Dodging
   467 | D:1      | Reached skill level 4 in Shields
   550 | D:1      | Reached XP level 3. HP: 33/33 MP: 2/2
   611 | D:1      | You pick up a book of Spatial Translocations and begin
                  | reading...
   611 | D:1      | You add the spells Blink, Lesser Beckoning and Manifold
                  | Assault to your library.
   673 | D:2      | Noticed Jessica
   678 | D:2      | Noticed Robin
   682 | D:2      | Killed Jessica
   683 | D:2      | Reached skill level 4 in Fighting
   683 | D:2      | Reached skill level 1 in Throwing
   683 | D:2      | Reached skill level 4 in Armour
   689 | D:2      | Reached skill level 3 in Axes
   689 | D:2      | Killed Robin
   690 | D:2      | Reached XP level 4. HP: 30/40 MP: 3/3
   698 | D:2      | Noticed Sigmund
   709 | D:2      | HP: 4/40 [something (10)]
   713 | D:2      | Mangled by Sigmund

Vanquished Creatures
  Jessica (D:2)
  Robin (D:2)
  A gnoll (D:1)
  A dart slug (D:1)
  A bat (D:1)
  3 endoplasms (D:1)
  A giant cockroach (D:1)
  6 goblins
  4 hobgoblins (D:2)
  3 kobolds (D:1)
  A quokka (D:1)
  6 ball pythons
  A rat (D:1)
30 creatures vanquished.

Table legend:
 A = Non-vault XP
 B = Vault XP
 C = Vault XP percentage of total XP
 D = Non-vault monster count
 E = Vault monster count
 F = Vault count percentage of total count
                 A         B        C        D         E       F
            +---------+---------+-------+---------+---------+-------
      Total |      48 |      69 |  59.0 |      19 |      11 |  36.7
            +---------+---------+-------+---------+---------+-------
        D:1 |      46 |       0 |   0.0 |      18 |       0 |   0.0
        D:2 |       2 |      69 |  97.2 |       1 |      11 |  91.7
            +---------+---------+-------+---------+---------+-------

Illustrated notes

Table legend:
 A = Kills in this place as a percentage of kills in entire the game.
 B = Kills by you in this place as a percentage of kills by you in the entire game.
 C = Kills by friends in this place as a percentage of kills by friends in the entire game.
 D = Other kills in this place as a percentage of other kills in the entire game.
 E = Experience gained in this place as a percentage of experience gained in the entire game.
 F = Experience gained in this place divided by the number of levels of this place that you have seen.
                   A       B       C       D       E      F
               +-------+-------+-------+-------+-------+----------------------
         Total | 100.0 | 100.0 |   N/A |   N/A | 100.0 |  58.5
       Dungeon | 100.0 | 100.0 |   N/A |   N/A | 100.0 |  58.5
               +-------+-------+-------+-------+-------+----------------------

Table legend: (Time is in decaauts)
 A = Elapsed time spent in this place.
 B = Non-inter-level travel time spent in this place.
 C = Inter-level travel time spent in this place.
 D = Time resting spent in this place.
 E = Time spent auto-exploring this place.
 F = Levels seen in this place.
 G = Mean time per level.
                   A        B        C        D        E       F      G
               +--------+--------+--------+--------+--------+-----+--------+
         Total |    731 |    727 |      4 |    142 |    289 |   2 |  365.5 |
       Dungeon |    731 |    727 |      4 |    142 |    289 |   2 |  365.5 |
               +--------+--------+--------+--------+--------+-----+--------+

Top non-repeatable levels by time:
     D:1: 679 daAuts
     D:2: 51 daAuts
